 Dungeon Crawl Stone Soup version 0.18.1-50-g88ac8fd (webtiles) character file.

147 lorenzova the Poker (level 5, -1/38 HPs)
             Began as a Merfolk Skald on Oct 18, 2016.
             Succumbed to a worker ant's poison
             ... on level 4 of the Dungeon.
             The game lasted 00:05:01 (3277 turns).

lorenzova the Poker (Merfolk Skald)                 Turns: 3277, Time: 00:05:02

Health: -1/38      AC:  4    Str: 14    XL:     5   Next: 29%
Magic:  5/9        EV: 12    Int: 11    God:
Gold:   189        SH:  3    Dex: 13    Spells: 3 memorised, 4 levels left

rFire  . . .     SeeInvis .     a - +0 spear
rCold  . . .     Gourm    .     b - +0 leather armour
rNeg   . . .     Faith    .     q - +0 buckler
rPois  .         Spirit   .     (no helmet)
rElec  .         Dismiss  .     (no cloak)
rCorr  .         Reflect  .     (no gloves)
SustAt .         Harm     .     s - +0 pair of boots
MR     .....                    p - amulet of rage
Stlth  +.........               (no ring)
                                (no ring)

@: lethally poisoned (-1 -> -25), flying, not resistant to hostile enchantments,
very unstealthy
A: change form in water, swift swim
a: Evoke Berserk Rage


You were on level 4 of the Dungeon.
You were hungry.

You visited 1 branch of the dungeon, and saw 4 of its levels.

You collected 189 gold pieces.

Inventory:

Hand Weapons
 a - a +0 spear (weapon)
Armour
 b - a +0 leather armour (worn)
 q - a +0 buckler (worn)
 s - a +0 pair of boots (worn)
Jewellery
 p - an amulet of rage (around neck)
Wands
 e - a wand of polymorph (9/24)
Scrolls
 f - a scroll of magic mapping {unknown}
 k - 2 scrolls of remove curse {unknown}
 l - a scroll of enchant weapon {unknown}
 o - a scroll of recharging {unknown}
 u - a scroll of noise {unknown}
Potions
 h - a potion of lignification {unknown}
 j - a potion of degeneration {unknown}
 m - a potion of curing {unknown}
 n - a potion of invisibility {unknown}
 r - a potion of cure mutation {unknown}
 t - a potion of flight
Books
 c - a book of Battle

   Spells                             Type                      Level
   a - Infusion                       Charms                       1
   b - Shroud of Golubria             Charms/Translocation         2
   c - Song of Slaying                Charms                       2
   d - Spectral Weapon                Hexes/Charms                 3
   e - Regeneration                   Charms/Necromancy            3
Comestibles
 d - 4 bread rations
 g - a slice of pizza
 i - 3 meat rations


   Skills:
 - Level 2.1 Fighting
 + Level 4.7 Polearms
 - Level 0.6 Armour
 + Level 3.2 Dodging
 + Level 2.9 Spellcasting
 + Level 4.3 Charms


You had 4 spell levels left.
You knew the following spells:

 Your Spells              Type           Power        Failure   Level  Hunger
a - Infusion              Chrm           ##..         12%         1    #......
b - Song of Slaying       Chrm           ##......     14%         2    ###....
c - Shroud of Golubria    Chrm/Tloc      #.........   38%         2    ###....


Dungeon Overview and Level Annotations

Branches:
Dungeon (4/15)
 Temple: D:4-7

Altars:
Fedhas
Makhleb
Ru


Message History

You hit the worker ant.
The worker ant is heavily wounded.
You are no longer magically infusing your attacks.
* * * LOW HITPOINT WARNING * * *
You feel sick.
The worker ant bites you but does no damage.
You completely miss the worker ant.
The worker ant is heavily wounded.
* * * LOW HITPOINT WARNING * * *
You feel sick. You block the worker ant's attack.
You hit the worker ant but do no damage.
The worker ant is heavily wounded.
* * * LOW HITPOINT WARNING * * *
You feel sick. The worker ant bites you.
* * * LOW HITPOINT WARNING * * *
Drink which item? (? for menu, Esc to quit)
It was a potion of flight.
You feel very buoyant.
You fly up into the air.
You die...

##..รท##
##<<....#
##...##
##....##
##...##
#....#
###..##
#....#
##..##
>...<.#
##..##
##..##...#
##..##...##
##..#
#......#
#..
##.@..## #.
##a..#
#...# ....#
......#
.......#
.........
....#####..
....# ##.


You could see a worker ant.

Vanquished Creatures
  A hound (D:4)
  An iguana (D:3)
  3 adders
  A dart slug (D:2)
  A giant gecko (D:3)
  4 orcs (D:3)
  3 ball pythons
  8 bats
  4 giant cockroaches
  8 goblins
  3 hobgoblins
  3 jackals (D:3)
  6 kobolds
  A quokka (D:1)
  A giant cockroach zombie (D:3)
  9 rats
57 creatures vanquished.

Vanquished Creatures (others)
  A ball python (D:1)
  A fungus (D:3)
2 creatures vanquished.

Grand Total: 59 creatures vanquished

Notes
Turn   | Place    | Note
--------------------------------------------------------------
     0 | D:1      | lorenzova the Merfolk Skald began the quest for the Orb.
     0 | D:1      | Reached XP level 1. HP: 16/16 MP: 3/3
   458 | D:1      | Reached XP level 2. HP: 20/22 MP: 5/5
   519 | D:1      | Learned a level 2 spell: Song of Slaying
   678 | D:1      | Learned a level 2 spell: Shroud of Golubria
  1191 | D:2      | Found a blossoming altar of Fedhas.
  1241 | D:2      | Reached XP level 3. HP: 24/27 MP: 6/6
  1996 | D:3      | Reached XP level 4. HP: 15/33 MP: 7/7
  3035 | D:3      | Found a sacrificial altar of Ru.
  3130 | D:4      | Found a burning altar of Makhleb.
  3142 | D:4      | Reached XP level 5. HP: 22/38 MP: 4/9
  3276 | D:4      | HP: 1/38 [worker ant (5)]
  3277 | D:4      | Succumbed to a worker ant's poison

Skill      XL: |  1  2  3  4 |
---------------+-------------+-----
Dodging        | 2 3 |  3.2
Charms         | 4 |  4.3
Polearms       | 4 |  4.7
Fighting       | |  2.1
Armour         | |  0.6
Spellcasting   | |  2.9

Action                   |  1- 3 |  4- 6 || total
-------------------------+-------+-------++-------
Melee: Spear             |   152 |    89 ||   241
 Cast: Infusion          |     3 |     5 ||     8
       Song of Slaying   |     1 |       ||     1
  Use: Scroll            |     2 |       ||     2
       Potion            |       |     1 ||     1
 Stab: Sleeping          |     4 |       ||     4
  Eat: Chunk             |     4 |     3 ||     7
Armor: Leather armour    |    29 |    20 ||    49
Dodge: Dodged            |    69 |    44 ||   113
Block: Buckler           |     1 |     8 ||     9
